[Event "*** Titled Tuesday Blitz"]
[Site "Chess.com"]
[Date "2020.05.26"]
[Round "10"]
[White "JozefKneht"]
[Black "MiroVlasenko"]
[Result "1-0"]
[WhiteElo "2488"]
[BlackElo "2643"]
[TimeControl "180+1"]
[EndTime "12:00:30 PDT"]
[Termination "JozefKneht won by resignation"]

1. e4 c5 2. Nf3 a6 3. c4 Nc6 4.
d4 cxd4 5. Nxd4 e6 6. Nc3 Nf6 7.
Nxc6 dxc6 8. Qxd8+ Kxd8 9. e5 Nd7 10. f4 b5 11. Ne4 Nc5 12. Ng5 Ke8 13. Be2 h6 14. Nf3 b4 15. Be3 Be7 16. O-O-O Bb7 17. Nd4 g5 18. Bf3 Rc8 19. f5 Rg8 20. h3 Nd7 21. fxe6 Nxe5 22. Bh5 c5 23. exf7+ Nxf7 24. Nf5 Be4 25. Nxh6 Bg6 26. Nxg8 Bxh5 27. Nxe7 Bxd1 28. Nxc8 1-0

[Event "*** Titled Tuesday Blitz"]
[Site "Chess.com"]
[Date "2020.05.26"]
[Round "10"]
[White "orrbaverlekszarnyon"]
[Black "Boudicca64"]
[Result "1/2-1/2"]
[WhiteElo "2185"]
[BlackElo "1991"]
[TimeControl "180+1"]
[EndTime "12:00:30 PDT"]
[Termination "Game drawn by repetition"]

1. e4 c5 2. Nf3 e6 3. d4 cxd4 4.
Nxd4 a6 5. c4 g6 6. Bd3 Bg7 7. Be3 Ne7 8. O-O d5 9. Nc3 Nbc6 10. Nxc6 bxc6 11. cxd5 cxd5 12. exd5 exd5 13. Qa4+ Bd7 14. Qh4 O-O 15. Bc5 Nf5 16. Qxd8 Rfxd8 17. Nxd5 Be6 18. Bxf5 gxf5 19. Nc7 Rac8 20. Nxe6 fxe6 21.
Ba3 Rc2 22. Rac1 Rdd2 23. Rxc2 Rxc2 24. Re1 Kf7 25. Kf1 Bd4 26. Re2 Rc1+ 27. Re1 Rc2 28.
Re2 Rc1+ 29. Re1 Rc2 1/2-1/2

[Event "*** Titled Tuesday Blitz"]
[Site "Chess.com"]
[Date "2020.05.26"]
[Round "10"]
[White "kallerotmg"]
[Black "PauloFanha"]
[Result "1/2-1/2"]
[WhiteElo "2174"]
[BlackElo "1973"]
[TimeControl "180+1"]
[EndTime "12:00:30 PDT"]
[Termination "Game drawn by agreement"]

1. e4 d5 2. exd5 Qxd5 3. Nc3 Qd6 4. d4 Nf6 5. Nf3 c6 6. Ne5 Bf5 7. Nc4 Qd8 8. Qf3 e6 9. Be3 Bxc2 10. Rc1 Bg6 11. g4 Bb4 12. Qg3 Ne4 13. Qf4 Nxc3 14.
bxc3 Be7 15. Bg2 h6 16. Ne5 Bg5 17. Qf3 Bxe3 18. fxe3 O-O 19. Nxg6 fxg6 20. Qe4 Qd5 21. c4 Qxe4 22. Bxe4 g5 23. Ke2 Nd7 24. Rb1 Rab8 25. Bg2 Nb6 26. Kd3 Rf2 27. Be4 Rxa2 28. Ra1 Rxa1 29. Rxa1 1/2-1/2

[Event "*** Titled Tuesday Blitz"]
[Site "Chess.com"]
[Date "2020.05.26"]
[Round "10"]
[White "Olkaa"]
[Black "Maybe00"]
[Result "1/2-1/2"]
[WhiteElo "2646"]
[BlackElo "2805"]
[TimeControl "180+1"]
[EndTime "12:00:31 PDT"]
[Termination "Game drawn by agreement"]

1. e4 e5 2. Nf3 Nc6 3. Bb5 a6 4. Ba4 Nf6 5. d4 exd4 6. O-O Be7 7. e5 Nd5 8. Bb3 Nb6 9. Re1 O-O 10. Nxd4 Nxd4 11. Qxd4 d6 12. Nc3 dxe5 13. Qxe5 Bf6 14. Qg3 Bxc3 15. Qxc3 Nd5 16. Bxd5 Qxd5 17. Qxc7 Bf5 18.
c3 Rac8 19. Qe5 Qxe5 20. Rxe5 Rfe8 21. Rxe8+ Rxe8 22. Be3 Be6 23. a3 Rd8 24. Bd4 f6 25. Re1 Kf7 26. f3 Bc4 27. Kf2 Re8 28. Rxe8 Kxe8 29. Ke3 Ke7 30. g4 Ke6 31. h4 g6 32.
g5 fxg5 33. hxg5 Kf5 34. f4 Ke6 35. Be5 Kd5 36. Bd4 b5 37. Be5 a5 38. Bd4 a4 39. Be5 Ba2 40. Kd2 Bb1 41. Kc1 Bf5 42. Bb8 Ke4 43. Bc7 1/2-1/2

[Event "*** Titled Tuesday Blitz"]
[Site "Chess.com"]
[Date "2020.05.26"]
[Round "10"]
[White "DenLaz"]
[Black "Kapibara_Warri0r"]
[Result "1-0"]
[WhiteElo "2629"]
[BlackElo "2137"]
[TimeControl "180+1"]
[EndTime "12:00:35 PDT"]
[Termination "DenLaz won by resignation"]

1. d4 Nf6 2. c4 g6 3. Nc3 Bg7 4.
e4 d6 5. Nf3 O-O 6. Be2 e5 7.
dxe5 dxe5 8. Qxd8 Rxd8 9. Bg5 Re8 10. Nd5 Nxd5 11. cxd5 f6 12. Be3 f5 13. Rc1 f4 14.
Bd2 c6 15. Bc4 Kh8 16. Ke2 b5 17. Bb3 Bb7 18. Ng5 Bf6 19. Nf7+ Kg7 20. Nd6 Re7 21. Nxb7 Rxb7 22. dxc6 Rc7 23. Bd5 a5 24. Rc5 b4 25.
Rhc1 Ra6 26. a3 bxa3 27. bxa3 a4 28. Ba5 Rc8 29. c7 Be7 30. cxb8=Q Rxb8 31. Rc7 Kf6 32. R1c6+ Rxc6 33. Rxc6+ Kg7 34. Bc3 Bf6 35. Ra6 Rc8 36. Kd3 g5 37. Rxa4 g4 38. Ra7+ Kg6 39. Be6 Kg5 40.
Bxc8 1-0

[Event "*** Titled Tuesday Blitz"]
[Site "Chess.com"]
[Date "2020.05.26"]
[Round "10"]
[White "Munkhzul_Turmunkh"]
[Black "PavelChernomordik"]
[Result "1-0"]
[WhiteElo "2579"]
[BlackElo "2265"]
[TimeControl "180+1"]
[EndTime "12:00:38 PDT"]
[Termination "Munkhzul_Turmunkh won by resignation"]

1. e4 g6 2. d4 Bg7 3. Nc3 d6 4. Nf3 a6 5. Be2 b5 6. a3 Bb7 7.
O-O Nd7 8. Be3 c5 9. dxc5 Nxc5 10. e5 Rc8 11. exd6 exd6 12. Re1 Ne7 13. Bd4 O-O 14. Bxg7 Kxg7 15. Nd4 Qd7 16. Bg4 Qc7 17. Bxc8 Nxc8 18.
Qg4 Nb6 19. Nf5+ Kg8 20. Ne7+ Kh8 21. Qd4+ f6 22. Qh4 Kg7 23. Rad1 Nc4 24. Ned5 Qc6 25.
Re7+ 1-0

[Event "*** Titled Tuesday Blitz"]
[Site "Chess.com"]
[Date "2020.05.26"]
[Round "10"]
[White "AwareIdea"]
[Black "Vesper2018"]
[Result "1-0"]
[WhiteElo "2514"]
[BlackElo "2326"]
[TimeControl "180+1"]
[EndTime "12:00:39 PDT"]
[Termination "AwareIdea won by checkmate"]

1. d4 Nf6 2. c4 g6 3. Nc3 Bg7 4.
e4 d6 5. Nf3 O-O 6. h3 e5 7. d5 a5 8. g4 Na6 9. Be3 Nd7 10. Nd2 Ndc5 11. g5 f5 12. h4 f4 13.
Bxc5 Nxc5 14. Qf3 a4 15. Bh3 Bxh3 16. Rxh3 c6 17. O-O-O Qa5 18. h5 Rfc8 19. hxg6 hxg6 20. Qg4 b5 21. dxc6 b4 22. Nd5 Kf7 23. Rh7 Rxc6 24. Qh3 b3 25. Rxg7+ Kxg7 26. Qh6+ Kf7 27. Qh7+ Ke6 28. Qe7# 1-0

[Event "*** Titled Tuesday Blitz"]
[Site "Chess.com"]
[Date "2020.05.26"]
[Round "10"]
[White "ChessyInstinct"]
[Black "Gurvich_Vitaly"]
[Result "0-1"]
[WhiteElo "2417"]
[BlackElo "2551"]
[TimeControl "180+1"]
[EndTime "12:00:41 PDT"]
[Termination "Gurvich_Vitaly won on time"]

1. d4 d5 2. c4 dxc4 3. Nf3 Nf6 4.
e3 e6 5. Bxc4 a6 6. a4 c5 7. O-O Nc6 8. Nc3 cxd4 9. exd4 Nb4 10. Ne5 Be7 11. a5 O-O 12. Re1 Nbd5 13. Qb3 h6 14. h3 Ra7 15. Bd2 Bd7 16. Na4 Bxa4 17. Rxa4 Bd6 18. Qf3 Ra8 19. Raa1 Rc8 20. b3 Bb8 21.
Re2 Ba7 22. Qg3 Kh8 23. Qh4 Ng8 24. Qe4 Ndf6 25. Qh4 Qxd4 0-1

[Event "*** Titled Tuesday Blitz"]
[Site "Chess.com"]
[Date "2020.05.26"]
[Round "10"]
[White "theblitzchamp"]
[Black "2346PL"]
[Result "1-0"]
[WhiteElo "2690"]
[BlackElo "2512"]
[TimeControl "180+1"]
[EndTime "12:00:43 PDT"]
[Termination "theblitzchamp won by checkmate"]

1. d4 f5 2. Nc3 Nf6 3. Nf3 e6 4. Bg5 Bb4 5. Qd3 b6 6. Nd2 Bb7 7. f3 O-O 8. e4 fxe4 9. fxe4 h6 10. Bh4 g5 11. Bg3 Bxc3 12. bxc3 Nh5 13. Be2 Nxg3 14. hxg3 Kg7 15. e5 Qe7 16. O-O-O Ba6 17. c4 Nc6 18. Rxh6 Rf5 19. Rdh1 Nb4 20. Rh7+ Kf8 21. Rh8+ Kg7 22. R1h7+ Kg6 23. Bh5# 1-0

[Event "*** Titled Tuesday Blitz"]
[Site "Chess.com"]
[Date "2020.05.26"]
[Round "10"]
[White "Meri-Arabidze"]
[Black "albano87"]
[Result "1-0"]
[WhiteElo "2589"]
[BlackElo "2402"]
[TimeControl "180+1"]
[EndTime "12:00:43 PDT"]
[Termination "Meri-Arabidze won by resignation"]

1. Nf3 Nf6 2. d4 d5 3. c4 c6 4. Nc3 e6 5. e3 Nbd7 6. Qc2 Be7 7. Be2 dxc4 8. a4 O-O 9. Bxc4 Qc7 10. O-O b6 11. e4 Bb7 12. e5 Ne8 13. Bg5 Bxg5 14. Nxg5 g6 15. Qe4 Ng7 16. Qh4 h5 17. f4 c5 18. d5 exd5 19. Bxd5 Bxd5 20. Nxd5 Qd8 21. Rad1 Nf5 22. Qh3 Nd4 23. Qxd7 Qxd7 24. Nf6+ Kg7 25.
Nxd7 Rad8 26. Nxf8 1-0

[Event "*** Titled Tuesday Blitz"]
[Site "Chess.com"]
[Date "2020.05.26"]
[Round "10"]
[White "bmt011"]
[Black "Ashedu66"]
[Result "0-1"]
[WhiteElo "2072"]
[BlackElo "2169"]
[TimeControl "180+1"]
[EndTime "12:00:43 PDT"]
[Termination "Ashedu66 won by resignation"]

1. d4 d5 2. Bf4 Nf6 3. e3 g6 4. Be2 Bg7 5. h4 c5 6. h5 Qb6 7. Nc3 Bd7 8. hxg6 hxg6 9. Rxh8+ Bxh8 10. Rb1 Nc6 11. Kf1 cxd4 12. Nb5 e5 13. Bg5 Ne4 14. Bh4 a6 15. f3 Nf6 16. exd4 axb5 17. dxe5 Nxe5 18.
Qxd5 Nxd5 0-1

[Event "*** Titled Tuesday Blitz"]
[Site "Chess.com"]
[Date "2020.05.26"]
[Round "10"]
[White "AcsinteMatei"]
[Black "Mexpaisano"]
[Result "1-0"]
[WhiteElo "2334"]
[BlackElo "2187"]
[TimeControl "180+1"]
[EndTime "12:00:48 PDT"]
[Termination "AcsinteMatei won by resignation"]

1. d4 Nf6 2. Bf4 g6 3. Nc3 Bg7 4. e4 d6 5. Qd2 Nc6 6. O-O-O Bd7 7. Nf3 Bg4 8. Bh6 Bxh6 9. Qxh6 Bxf3 10. gxf3 e5 11.
dxe5 Nxe5 12. f4 Neg4 13. Qh4 Qe7 14. h3 Nh6 15. Qxh6 O-O-O 16. Bd3 Nh5 17. Qg5 f6 18. Qg4+ Kb8 19. Nd5 Qf7 20. Bc4 c6 21. Ne3 Qc7 22. f5 b5 23. Bb3 Rde8 24. fxg6 hxg6 25. Bf7 Re7 26. Bxg6 1-0

[Event "*** Titled Tuesday Blitz"]
[Site "Chess.com"]
[Date "2020.05.26"]
[Round "10"]
[White "1f3_2g41-0"]
[Black "Irochka83"]
[Result "0-1"]
[WhiteElo "2270"]
[BlackElo "2394"]
[TimeControl "180+1"]
[EndTime "12:00:51 PDT"]
[Termination "Irochka83 won on time"]

1. e4 c5 2. Nf3 d6 3. d4 cxd4 4. Nxd4 Nf6 5. Nc3 Nc6 6. Bg5 e6 7. Qd2 a6 8. f4 Bd7 9. O-O-O b5 10. g3 b4 11. e5 bxc3 12. Qxc3 Ne4 13. Qc4 Nxg5 14. Nxc6 Qc7 15. Bg2 Rc8 16. exd6 Bxd6 17. fxg5 Bxc6 18. Bh3 Bxh1 19. Qe2 Bf3 0-1

[Event "*** Titled Tuesday Blitz"]
[Site "Chess.com"]
[Date "2020.05.26"]
[Round "10"]
[White "archess2"]
[Black "AttilaTurzo"]
[Result "0-1"]
[WhiteElo "2287"]
[BlackElo "2450"]
[TimeControl "180+1"]
[EndTime "12:00:53 PDT"]
[Termination "AttilaTurzo won by resignation"]

1. d4 Nf6 2. c4 e6 3. Nc3 Bb4 4. Qc2 Nc6 5. Nf3 d6 6. Bd2 O-O 7. e4 e5 8. d5 Nd4 9. Qd3 c5 10. dxc6 Nxf3+ 11. Qxf3 bxc6 12. Bd3 h6 13. O-O a5 14.
Rfd1 Qe7 15. a3 Bg4 16. Qg3 Bxd1 17. axb4 Bb3 18. bxa5 Nh5 19. Qg4 Nf4 20. Bxf4 exf4 21. Qxf4 Qe5 22. Qxe5 dxe5 23. c5 Rfb8 24. a6 Kf8 25. g3 Ke7 26. f4 f6 27. Kg2 Ra7 28. Kf3 Be6 29. Rb1 Bc8 30. b4 Bxa6 31. b5 Bxb5 32. Bxb5 Ra3 33. Bd3 Rxb1 34. Bxb1 Rxc3+ 35. Kg4 Rxc5 36. fxe5 Rxe5 37. Kf4 Kd6 38. h4 Kc5 39. g4 Kd4 40. h5 c5 0-1

[Event "*** Titled Tuesday Blitz"]
[Site "Chess.com"]
[Date "2020.05.26"]
[Round "10"]
[White "MariaFominykh"]
[Black "Srisshhhtea"]
[Result "1-0"]
[WhiteElo "2323"]
[BlackElo "2180"]
[TimeControl "180+1"]
[EndTime "12:00:53 PDT"]
[Termination "MariaFominykh won by resignation"]

1. d4 Nf6 2. c4 c5 3. d5 b5 4. cxb5 a6 5. b6 d6 6. Nc3 g6 7. Nf3 Bg7 8. e4 O-O 9. Be2 Qxb6 10. Nd2 Qc7 11. O-O e6 12. dxe6 fxe6 13. Nc4 Rd8 14. Bf4 e5 15. Bg5 Be6 16. Ne3 Nbd7 17. Ned5 Bxd5 18.
Nxd5 Qb7 19. Bc4 Kh8 20. Nxf6 Nxf6 21. Bxf6 Bxf6 22. Bd5 Qe7 23. Bxa8 Rxa8 24. b3 Bg5 25. Qd3 Kg7 26. Rad1 Rd8 27. Qxa6 h5 28. Rd3 h4 29.
Rfd1 Bf4 30. Rxd6 Rxd6 31. Qxd6 Qg5 32. Qc7+ Kh6 33. Rd7 Qf6 34. Rh7+ Kg5 35. Qe7 h3 36. Qxf6+ Kxf6 37. Rxh3 g5 38. Rd3 g4 39. Rd5 1-0

[Event "*** Titled Tuesday Blitz"]
[Site "Chess.com"]
[Date "2020.05.26"]
[Round "10"]
[White "aNaartjieZA"]
[Black "ehrenfeld"]
[Result "0-1"]
[WhiteElo "2568"]
[BlackElo "2470"]
[TimeControl "180+1"]
[EndTime "12:00:54 PDT"]
[Termination "ehrenfeld won by resignation"]

1. e4 e5 2. Nf3 Nc6 3. Bc4 Nf6 4.
d3 h6 5. O-O d6 6. c3 g5 7.
Nbd2 Bg7 8. Re1 g4 9. Nh4 Nxe4 10. Ng6 Nxd2 11. Nxh8 Nxc4 12. Nxf7 Kxf7 13. dxc4 Be6 14. f3 Qh4 15. fxg4 Qxg4 16. Rf1+ Kg8 17. Qxg4 Bxg4 18. Rf2 Re8 19. Be3 e4 20. Rf4 Bh5 21. Raf1 Bg6 22. Rg4 Ne5 23. Rg3 Kh7 24. b3 Nd3 25. Bd2 Be5 26. Rh3 Bg7 27. Rg3 Re6 28. Re3 h5 29.
Rh3 Ne5 30. Re1 Ng4 31. Rg3 e3 32. Bxe3 Bxc3 33. Re2 Nxe3 34. Rgxe3 Rxe3 0-1

[Event "*** Titled Tuesday Blitz"]
[Site "Chess.com"]
[Date "2020.05.26"]
[Round "10"]
[White "VishnuPrasanna"]
[Black "Lagravesamuell"]
[Result "1-0"]
[WhiteElo "2652"]
[BlackElo "2482"]
[TimeControl "180+1"]
[EndTime "12:00:55 PDT"]
[Termination "VishnuPrasanna won by resignation"]

1. d4 Nf6 2. c4 e6 3. Nf3 c5 4. d5 exd5 5. cxd5 d6 6. Nc3 g6 7.
Bg5 Bg7 8. Bh4 O-O 9. e3 h6 10. Be2 g5 11. Bg3 Bg4 12. h4 Nh5 13. Bh2 f5 14.
hxg5 hxg5 15. Nd2 Bxe2 16. Qxe2 Nf6 17. Nc4 Ne8 18. Qh5 Qf6 19. Bg3 Na6 20. f4 gxf4 21. Bxf4 Qe7 22. Qh7+ Kf7 23. Qxf5+ Kg8 24. Qh7+ Kf7 25. Rh6 Rh8 26. Qg6+ Kg8 27. Rxh8+ Kxh8 28. O-O-O Kg8 29. Rh1 Qf7 30. Rh8+ 1-0

[Event "*** Titled Tuesday Blitz"]
[Site "Chess.com"]
[Date "2020.05.26"]
[Round "10"]
[White "zajka-molotok"]
[Black "TST2014"]
[Result "0-1"]
[WhiteElo "2381"]
[BlackElo "2528"]
[TimeControl "180+1"]
[EndTime "12:00:59 PDT"]
[Termination "TST2014 won on time"]

1. d4 Nf6 2. c4 d6 3. Nc3 e5 4. Nf3 Nbd7 5. e4 g6 6. g3 Bg7 7.
Bg2 O-O 8. O-O c6 9. Re1 a5 10. h3 Re8 11. g4 exd4 12. Nxd4 Nc5 13. Bf4 h5 14. g5 Nfd7 15. Bxd6 Qxg5 16. f4 Qf6 17. Nf3 Ne6 18. f5 Ng5 19. Nxg5 Qxg5 20. fxg6 fxg6 21. Kh1 Ne5 22. Rg1 Qh4 23. Bxe5 Bxe5 24.
Qd3 Qf4 0-1

[Event "*** Titled Tuesday Blitz"]
[Site "Chess.com"]
[Date "2020.05.26"]
[Round "10"]
[White "Makswolf200817"]
[Black "floplover"]
[Result "1-0"]
[WhiteElo "2376"]
[BlackElo "2242"]
[TimeControl "180+1"]
[EndTime "12:00:59 PDT"]
[Termination "Makswolf200817 won by checkmate"]

1. Nf3 d5 2. e3 Nf6 3. c4 e6 4.
b3 c5 5. cxd5 Nxd5 6. Bb2 Nc6 7.
Nc3 Nf6 8. Qb1 Be7 9. a3 O-O 10. Bd3 e5 11. h4 Be6 12. Ng5 Bxb3 13. Bxh7+ Kh8 14. Nce4 Nxh7 15. Nxh7 f5 16. Nxf8 Bxf8 17. Ng5 Qd5 18. Qxf5 Qg8 19. Qg6 Bc2 20. Qh5+ Bh7 21.
Nf7+ Qxf7 22. Qxf7 Rd8 23. O-O Ne7 24. f4 Rxd2 25. Qxf8+ Ng8 26. Bxe5 c4 27. Qxg7# 1-0

[Event "*** Titled Tuesday Blitz"]
[Site "Chess.com"]
[Date "2020.05.26"]
[Round "10"]
[White "Chess_Boxer123"]
[Black "Slovak_fighter2000"]
[Result "1-0"]
[WhiteElo "2693"]
[BlackElo "2479"]
[TimeControl "180+1"]
[EndTime "12:01:04 PDT"]
[Termination "Chess_Boxer123 won by resignation"]

1. e4 c5 2. Nf3 e6 3. d4 cxd4 4. c3 d3 5. Bxd3 d6 6. c4 Nf6 7. O-O Be7 8. Nc3 a6 9. h3 b6 10. Bf4 Bb7 11. Qe2 O-O 12. Rfd1 Nbd7 13. Rac1 Qc7 14.
b3 Rac8 15. Bb1 Qb8 16. Qd2 Ne5 17. Nxe5 dxe5 18. Be3 Rfd8 19. Qb2 Bc5 20. Bxc5 bxc5 21. f3 Rd4 22. Ne2 Nh5 23. g4 Nf6 24. Nxd4 exd4 25.
b4 Qf4 26. Qf2 e5 27. a3 h6 28. Bd3 Nh7 29. Kg2 g6 30. Rc2 f5 31. Qg3 fxe4 32.
Qxf4 exf4 33. Bxe4 Bxe4 34. fxe4 Ng5 35. bxc5 Rxc5 36. Rxd4 Re5 37. c5 Ne6 38. Rd5 Rxe4 39. c6 f3+ 40. Kxf3 Rf4+ 41. Kg3 Rf7 42. Rd7 1-0

[Event "*** Titled Tuesday Blitz"]
[Site "Chess.com"]
[Date "2020.05.26"]
[Round "10"]
[White "Beca95"]
[Black "AlexOstrovskiy"]
[Result "1-0"]
[WhiteElo "2853"]
[BlackElo "2623"]
[TimeControl "180+1"]
[EndTime "12:01:06 PDT"]
[Termination "Beca95 won by resignation"]

1. e4 c6 2. d4 d5 3. e5 c5 4.
dxc5 e6 5. Qg4 h5 6. Qg3 h4 7.
Qg4 Nh6 8. Qf4 Bxc5 9. Bd3 Nc6 10. a3 g5 11. Qxg5 Qxg5 12. Bxg5 Nxe5 13. Bxh4 Nxd3+ 14. cxd3 Bd4 15. Nc3 Nf5 16. Bg5 Bd7 17. Nf3 Bg7 18.
O-O-O Rc8 19. d4 Rc4 20. Be3 b5 21. Kb1 b4 22. axb4 Rxb4 23. g4 Nd6 24. Rhe1 Nc4 25.
Bc1 O-O 26. Ne5 Nxe5 27. dxe5 Rxg4 28. f4 Rb8 29. Rg1 Rh4 30. Rg2 Kf8 31. b3 Rxb3+ 32. Kc2 Rxc3+ 33. Kxc3 Bh6 34. Ba3+ 1-0

[Event "*** Titled Tuesday Blitz"]
[Site "Chess.com"]
[Date "2020.05.26"]
[Round "10"]
[White "seastar"]
[Black "Iskusnyh"]
[Result "0-1"]
[WhiteElo "1965"]
[BlackElo "2507"]
[TimeControl "180+1"]
[EndTime "12:01:06 PDT"]
[Termination "Iskusnyh won on time"]

1. d4 d5 2. c4 c6 3. Nc3 Nf6 4. cxd5 cxd5 5. Bf4 Nc6 6. e3 a6 7. Bd3 Bg4 8. Qb3 Na5 9. Qa4+ b5 10. Qc2 Rc8 11.
a3 e6 12. f3 Bh5 13. Nge2 Bg6 14. O-O Nc4 15. Rac1 Bd6 16. Bxd6 Qxd6 17. Kf2 Qxh2 18. Rh1 Qd6 19. Bxg6 fxg6 20. b3 O-O 21. bxc4 Ng4+ 0-1

[Event "*** Titled Tuesday Blitz"]
[Site "Chess.com"]
[Date "2020.05.26"]
[Round "10"]
[White "BikingBrian"]
[Black "realmadridtv"]
[Result "1-0"]
[WhiteElo "2282"]
[BlackElo "2431"]
[TimeControl "180+1"]
[EndTime "12:01:07 PDT"]
[Termination "BikingBrian won by resignation"]

1. d4 Nf6 2. Bg5 d5 3. Nd2 Bf5 4. e3 c6 5. c4 e6 6. Qb3 Qb6 7. c5 Qxb3 8. axb3 Nbd7 9. b4 h6 10. Bf4 g5 11. Bg3 Nh5 12. Ngf3 Be7 13. Be2 a6 14. b5 cxb5 15. Bxb5 Nxg3 16. hxg3 O-O-O 17. Be2 e5 18. O-O exd4 19. Nxd4 Bg6 20. c6 bxc6 21.
Nxc6 Rde8 22. Rfc1 Kb7 23. Bxa6+ Kb6 24. Nd4 Nc5 25.
b4 Nxa6 26. Rc6+ Kb7 27. Raxa6 Bd8 28. N2b3 Bc7 29. Nb5 Re7 30. Nc5+ Kb8 31. Nxc7 Rxc7 32. Rcb6+ 1-0

[Event "*** Titled Tuesday Blitz"]
[Site "Chess.com"]
[Date "2020.05.26"]
[Round "10"]
[White "MightyGMpretender"]
[Black "ChristianAlm"]
[Result "1-0"]
[WhiteElo "2551"]
[BlackElo "2402"]
[TimeControl "180+1"]
[EndTime "12:01:08 PDT"]
[Termination "MightyGMpretender won by resignation"]

1. Nf3 Nf6 2. c4 c5 3. Nc3 Nc6 4. e3 g6 5. d4 cxd4 6. exd4 d5 7. cxd5 Nxd5 8. Bc4 e6 9. Bg5 Be7 10. Bh6 Nxc3 11.
bxc3 Qa5 12. O-O Qh5 13. Qd2 Bd7 14. d5 exd5 15. Bxd5 O-O-O 16. Be3 Be6 17. Bxe6+ fxe6 18. Qc2 Rhf8 19. Qb3 Rd5 20. Rab1 Na5 21. Qa4 Nc6 22. Nd4 Bd6 23. g3 Qh3 24. Nxc6 Rh5 25. Nxa7+ Kb8 26.
Rxb7+ Kxb7 27. Qc6+ Kb8 28. Rb1+ 1-0

[Event "*** Titled Tuesday Blitz"]
[Site "Chess.com"]
[Date "2020.05.26"]
[Round "10"]
[White "InitiatingASC"]
[Black "ferdipy"]
[Result "1-0"]
[WhiteElo "2392"]
[BlackElo "2268"]
[TimeControl "180+1"]
[EndTime "12:01:08 PDT"]
[Termination "InitiatingASC won by resignation"]

1. Nf3 Nf6 2. b3 e6 3. Bb2 d5 4. e3 Be7 5. c4 O-O 6. cxd5 exd5 7. Be2 c6 8. O-O Bg4 9. d3 Nbd7 10. Nbd2 Bd6 11. Rc1 Qe7 12. Qc2 Rfe8 13. Rfe1 Nf8 14. Qb1 Ng6 15. Qa1 a5 16. a3 Bc7 17. Nf1 Qd6 18.
Ng3 Nh5 19. Rc2 f6 20. Rd2 Nxg3 21. hxg3 b5 22. Nd4 Bxe2 23. Rdxe2 Re7 24. Nf5 Qd7 25. Nxe7+ Qxe7 26. e4 dxe4 27. Rxe4 Qd7 28. Qc1 Bd6 29. Qe3 Bf8 30. Re8 Qd5 1-0

[Event "*** Titled Tuesday Blitz"]
[Site "Chess.com"]
[Date "2020.05.26"]
[Round "10"]
[White "rpragchess"]
[Black "grunbergmihai"]
[Result "1-0"]
[WhiteElo "2805"]
[BlackElo "2403"]
[TimeControl "180+1"]
[EndTime "12:01:09 PDT"]
[Termination "rpragchess won by resignation"]

1. Nf3 Nf6 2. g3 d5 3. Bg2 c6 4. O-O Bg4 5. d3 Nbd7 6. h3 Bh5 7. Qe1 e5 8. e4 dxe4 9. dxe4 Be7 10. a4 a5 11. Na3 O-O 12. Nc4 Qc7 13. Bd2 b6 14. Nh4 Rfe8 15. Bc3 Bf8 16. Kh1 Nc5 17. Qe3 Bg6 18.
Nxg6 hxg6 19. b3 Rad8 20. Rfd1 Rxd1+ 21. Rxd1 Nfd7 22. h4 Be7 23. Bh3 Rd8 24. Rd2 Bf6 25. Kg2 Nb7 26. Bxd7 Rxd7 27. Rxd7 Qxd7 28. Qxb6 Nd6 29.
Qb8+ Ne8 30. Bxe5 Kh7 31. Bxf6 Nxf6 32. Qf4 Qd1 33. e5 Nd5 34. Qxf7 Qxc2 35. Qf3 Ne7 36. Nxa5 Nf5 37. Nxc6 Qc5 38. e6 Qd6 39. e7 Nxe7 40. Nxe7 Qxe7 41. a5 1-0

[Event "*** Titled Tuesday Blitz"]
[Site "Chess.com"]
[Date "2020.05.26"]
[Round "10"]
[White "MFBerna"]
[Black "Semetey"]
[Result "1-0"]
[WhiteElo "2404"]
[BlackElo "2516"]
[TimeControl "180+1"]
[EndTime "12:01:09 PDT"]
[Termination "MFBerna won by resignation"]

1. d4 Nf6 2. Nf3 e6 3. g3 b6 4. Bg2 Bb7 5. O-O Be7 6. c4 O-O 7. Nc3 d5 8. Ne5 Nbd7 9. cxd5 Nxd5 10. Nxd5 exd5 11. Bf4 Nxe5 12. Bxe5 Bd6 13. Bxd6 Qxd6 14. Rc1 c6 15. e3 Rfe8 16. Rc3 Rac8 17. Qa4 a5 18. a3 h5 19. h4 Ba6 20. Rfc1 Re6 21. Bh3 Bb7 22. b4 axb4 23. Qxb4 Ra8 24. Bxe6 Qxb4 25.
Bxf7+ Kxf7 26. axb4 b5 27. Rb1 Ke6 28. Rcc1 Ra4 29.
Ra1 Rxb4 30. Ra7 Bc8 31. Rxc6+ 1-0

[Event "*** Titled Tuesday Blitz"]
[Site "Chess.com"]
[Date "2020.05.26"]
[Round "10"]
[White "Aguiar94"]
[Black "NotFischer"]
[Result "1-0"]
[WhiteElo "2437"]
[BlackElo "2131"]
[TimeControl "180+1"]
[EndTime "12:01:10 PDT"]
[Termination "Aguiar94 won by resignation"]

1. e4 d5 2. exd5 Nf6 3. Nf3 Bg4 4. Be2 Qxd5 5. O-O Nc6 6. Nc3 Qh5 7. h3 Bxf3 8. Bxf3 Qg6 9. d4 O-O-O 10. Bxc6 bxc6 11. Qf3 Nd5 12. Ne4 e6 13. a3 Kd7 14. c4 Nf6 15. Nc5+ Bxc5 16. dxc5 Qe4 17. Qc3 Ke7 18. Re1 Qd4 19.
Qa5 Rd7 20. Qa6 Qxc5 21. Be3 Qd6 22. Qa5 Ke8 23. Bc5 Qf4 24. Qxa7 Ne4 25. Qa8+ Rd8 26. Qxc6+ 1-0

[Event "*** Titled Tuesday Blitz"]
[Site "Chess.com"]
[Date "2020.05.26"]
[Round "10"]
[White "alekschess100"]
[Black "j2806"]
[Result "1-0"]
[WhiteElo "2221"]
[BlackElo "2016"]
[TimeControl "180+1"]
[EndTime "12:01:11 PDT"]
[Termination "alekschess100 won by resignation"]

1. d4 Nf6 2. Nf3 e6 3. Bg5 d5 4.
e3 Be7 5. Bd3 Nbd7 6. Nbd2 c5 7.
c3 b6 8. Qe2 Bb7 9. O-O h6 10.
Bh4 O-O 11. Ne5 Ne4 12. Bxe7 Qxe7 13. f4 Nxe5 14. dxe5 Nxd2 15. Qxd2 f6 16. exf6 Rxf6 17. Qe2 Raf8 18. g3 e5 19. Ba6 exf4 20. exf4 Qxe2 21.
Bxe2 Rd8 22. Rad1 Kf7 23. Bf3 Bc6 24. Rfe1 Re6 25. Bh5+ Kf6 26. Bg4 Re7 27. Kf2 Rde8 28. Bh5 Rxe1 29. Rxe1 Rxe1 30. Kxe1 g5 31. fxg5+ hxg5 32. h4 gxh4 33. gxh4 d4 34. cxd4 cxd4 35. Kd2 Be4 36.
Be2 Kf5 37. Bd3 Bxd3 38. Kxd3 Kg4 39. Kxd4 Kxh4 40. Kd5 Kg3 41. Kc6 Kf2 42. Kb7 b5 43. Kxa7 Ke3 44. Kb6 b4 45. Kc5 b3 46. axb3 1-0

[Event "*** Titled Tuesday Blitz"]
[Site "Chess.com"]
[Date "2020.05.26"]
[Round "10"]
[White "AGW2016"]
[Black "louis198"]
[Result "0-1"]
[WhiteElo "2256"]
[BlackElo "2509"]
[TimeControl "180+1"]
[EndTime "12:01:17 PDT"]
[Termination "louis198 won by checkmate"]

1. d4 Nf6 2. c4 c5 3. d5 b5 4. cxb5 a6 5. bxa6 Bxa6 6. Nc3 d6 7. Nf3 Nbd7 8. g3 g6 9. Bg2 Bg7 10. Rb1 O-O 11. b3 Qc7 12. O-O Rfb8 13. a4 Ng4 14. Bd2 h6 15. h3 Nge5 16. Nxe5 Nxe5 17. f4 Nd7 18. Qc2 f5 19. Rfe1 c4 20. b4 Rxb4 21. Rxb4 Qc5+ 22. Kh2 Qxb4 23. e4 Qb3 24. Qxb3 cxb3 25.
exf5 gxf5 26. Rxe7 Nc5 27. Re1 Bd3 28. Bf1 Bc2 29.
Nd1 b2 30. Nxb2 Bxb2 31. Bb5 Bxa4 32. Bxa4 Rxa4 33. Be3 Bc3 34. Rc1 Ra2+ 35. Kh1 Ne4 36. g4 Re2 37. Bb6 Bd2 38. Rc2 Ng3+ 39. Kg1 Be3+ 40.
Bxe3 Rxc2 41. gxf5 Nxf5 42. Bf2 Kf7 43. Kg2 Rd2 44. Kf3 Rxd5 45. Ke4 Ke6 46. h4 Rb5 47. h5 d5+ 48. Kf3 Rb3+ 49. Kg4 d4 50.
Bxd4 Rg3# 0-1